 Seeded DCSS version 0.30-a0-916-g9813417 (webtiles) character file.

Game seed: 1868998359327729772 (custom seed)

61 Geeful the Chiller (level 3, -1/28 HPs)
             Began as a Demigod Ice Elementalist on Mar 27, 2023.
             Slain by antasco's ghost (7 damage)
             ... on level 3 of the Dungeon.
             The game lasted 00:09:00 (1976 turns).

Geeful the Chiller (Demigod Ice Elementalist)       Turns: 1976, Time: 00:09:01

Health: -1/28      AC:  9    Str: 13    XL:     3   Next: 58%
Magic:  8/8        EV:  6    Int: 17    God:
Gold:   107        SH:  0    Dex: 14    Spells: 4/5 levels left

rFire   . . .      SeeInvis .    d - +0 hand axe
rCold   . . .      Faith    .    (no shield)
rNeg    + . .      Spirit   .    k - +0 chain mail
rPois   +          Reflect  .    (no helmet)
rElec   .          Rampage  .    (no cloak)
rCorr   .                        (no gloves)
Will    .....                    g - +0 pair of boots Stlth
                                 (no amulet)
HPRegen 0.24/turn                f - ring of poison resistance
MPRegen 0.11/turn                p - ring of positive energy

@: no status effects
A: high MP 1, forlorn, divine attributes
a: no special abilities


You were on level 3 of the Dungeon.
You visited 1 branch of the dungeon, and saw 5 of its levels.

You collected 107 gold pieces.

Inventory:

Hand Weapons
 d - a +0 hand axe (weapon)
Armour
 e - a +0 ring mail
 g - a +0 pair of boots (worn)
 k - a +0 chain mail (worn)
 l - the +2 robe of Disappointment {Harm rElec Int+4}
   (You found it on level 2 of the Dungeon)

   Int:       It affects your intelligence (+4).
   rElec:     It insulates you from electricity.
   Harm:      It increases damage dealt and taken.
 m - a +0 scale mail
Jewellery
 a - a ring of fire
 f - a ring of poison resistance (left hand)
 p - a ring of positive energy (right hand)
Scrolls
 h - 3 scrolls of teleportation {unknown}
 i - a scroll of immolation {unknown}
 n - a scroll of enchant armour {unknown}
 o - a scroll of amnesia {unknown}
 q - a scroll of enchant weapon {unknown}
Potions
 b - a potion of magic
 j - a potion of brilliance {unknown}


   Skills:
 + Level 1.4 Fighting
 + Level 1.2 Axes
 + Level 1.4 Armour
 + Level 2.4 Dodging
 - Level 1.7 Stealth
 - Level 1.7 Spellcasting
 - Level 3.6 Ice Magic


You had 4 spell levels left.
You knew the following spells:

 Your Spells              Type           Power      Damage    Failure   Level
a - Freeze                Ice            52%        1d6       83%         1

Your spell library contained the following spells:

 Spells                   Type           Power      Damage    Failure   Level
 Frozen Ramparts          Ice            26%        1d4       99%         3
 Ozocubu's Armour         Ice            13%        N/A       99%         3
 Summon Ice Beast         Ice/Summ       7%         N/A       100%        4


Dungeon Overview and Level Annotations

Branches:
Dungeon (5/15)
 Temple: D:4-7

Annotations:
D:2 exclusion: downstairs
D:3 Grinder; antasco's ghost, weakling BaHu


Innate Abilities, Weirdness & Mutations

You have an increased reservoir of magic. (+10% MP)
You shall have no god before yourself.
Your divine heritage dramatically boosts your attributes as you level up.


Message History

You closely miss antasco's ghost.
Antasco's ghost is lightly damaged.
Antasco's ghost hits you but does no damage.
Antasco's ghost completely misses you.
You hit antasco's ghost.
Antasco's ghost is lightly damaged.
Antasco's ghost barely misses you.
You hit antasco's ghost but do no damage.
Antasco's ghost is lightly damaged.
Antasco's ghost hits you but does no damage.
You closely miss antasco's ghost.
Antasco's ghost is lightly damaged.
Antasco's ghost hits you.
You closely miss antasco's ghost.
Antasco's ghost is lightly damaged.
Antasco's ghost hits you. Antasco's ghost barely misses you.
You hit antasco's ghost but do no damage.
Antasco's ghost is lightly damaged.
Antasco's ghost completely misses you.
You hit antasco's ghost.
Antasco's ghost is moderately damaged.
Antasco's ghost barely misses you.
You closely miss antasco's ghost.
Antasco's ghost is moderately damaged.
Antasco's ghost barely misses you.
You hit antasco's ghost.
Antasco's ghost is heavily damaged.
Antasco's ghost closely misses you.
You barely miss antasco's ghost.
Antasco's ghost is heavily damaged.
Antasco's ghost says very slowly, "There's no hope."
Antasco's ghost hits you. Antasco's ghost barely misses you.
You barely miss antasco's ghost.
Antasco's ghost is heavily damaged.
Antasco's ghost hits you.
* * * LOW HITPOINT WARNING * * *
You barely miss antasco's ghost.
Antasco's ghost is heavily damaged.
Antasco's ghost hits you!
You die...

.....##.
#.##........##.###.#
.....⌠# #
#.............###
..._..#
#####(#########
#....⌠# #.# ##...##
#.# ##### #.# ##
####.# .. #♣.#..#.#
#8(W@...# #♣.#....#
########


You could see antasco's ghost.

Vanquished Creatures
  An adder (D:3)
  2 dart slugs (D:2)
  An orc (D:4)
  11 ball pythons
  4 bats
  3 endoplasms
  4 giant cockroaches
  2 goblins (D:1)
  7 hobgoblins
  3 kobolds (D:1)
  2 frilled lizards (D:2)
  3 rats (D:2)
43 creatures vanquished.

Notes
Turn   | Place    | Note
-------+----------+-------------------------------------------
     0 | D:1      | Geeful the Demigod Ice Elementalist began the quest for the
                  | Orb.
     0 | D:1      | Reached XP level 1. HP: 14/14 MP: 5/5
   386 | D:1      | Reached XP level 2. HP: 22/22 MP: 7/7
   820 | D:2      | Reached skill level 1 in Fighting
   825 | D:2      | Reached skill level 1 in Armour
  1044 | D:2      | Reached XP level 3. HP: 25/28 MP: 8/8
  1077 | D:2      | Reached skill level 1 in Axes
  1080 | D:2      | Identified the +2 robe of Disappointment {Harm rElec Int+4}
  1416 | D:3      | You fall into a shaft and drop 1 floor!
  1519 | D:5      | Entered Level 5 of the Dungeon
  1526 | D:5      | Noticed a scorpion
  1793 | D:3      | Noticed Grinder
  1953 | D:3      | Found a runed translucent door.
  1954 | D:3      | Noticed antasco's ghost (weakling BaHu)
  1976 | D:3      | Slain by antasco's ghost

Illustrated notes

Levels and vault maps discovered:
D:1:      elethiomel_arrival_quiet, layout_loops_ring, serial_rivers,
          chequers_serial_rivers_room_b, chequers_serial_rivers_small_a,
          chequers_serial_rivers_marsh, chequers_serial_rivers_micro_d,
          chequers_serial_rivers_micro_c, minmay_misc_feat_iff, minivault_23
D:2:      layout_rooms, nicolae_ecumenical_snake_handling, minmay_crystal_room
D:3:      layout_basic, nicolae_overflow_ecumenical_swirl,
          gammafunk_ghost_grave, hangedman_decor_push,
          nicolae_concentric_dashed_squares_wild, uniq_grinder
D:4:      layout_gridville, kennysheep_mini_moat
D:5:      layout_loops_ring, serial_shops, shop

Skill      XL: |  1  2  3 |
---------------+----------+-----
Dodging        | 2 |  2.4
Fighting       | 1 |  1.4
Armour         | 1 |  1.4
Axes           | 1 |  1.2
Stealth        | |  1.7
Spellcasting   | |  1.7
Ice Magic      | |  3.6

Action                     || total
---------------------------++-------
  Melee: Hand axe          ||   160
         Unarmed           ||     9
         Punch             ||     1
   Cast: Freeze            ||     5
    Use: Scroll            ||     4
 Armour: Robe              ||     7
         Ring mail         ||    38
         Chain mail        ||    43
         Skin              ||     1
  Dodge: Dodged            ||    92

Table legend: (Time is in decaauts)
 A = Elapsed time spent in this place.
 B = Non-inter-level travel time spent in this place.
 C = Inter-level travel time spent in this place.
 D = Time resting spent in this place.
 E = Time spent auto-exploring this place.
 F = Levels seen in this place.
 G = Mean time per level.
                   A        B        C        D        E       F      G
               +--------+--------+--------+--------+--------+-----+--------+
         Total |   2026 |   1945 |     81 |    180 |   1030 |   5 |  405.2 |
       Dungeon |   2026 |   1945 |     81 |    180 |   1030 |   5 |  405.2 |
               +--------+--------+--------+--------+--------+-----+--------+

Top non-repeatable levels by time:
     D:1: 820 daAuts
     D:2: 698 daAuts
     D:4: 302 daAuts
     D:3: 189 daAuts
     D:5: 16 daAuts
